 Dungeon Crawl Stone Soup version 0.19.1 (webtiles) character file.

123 JamesMay the Skirmisher (level 4, 0/41 HPs)
             Began as a Minotaur Fighter on Dec 28, 2016.
             Was an Initiate of Okawaru.
             Succumbed to a kobold's poison
             ... on level 3 of the Dungeon.
             The game lasted 00:11:49 (1767 turns).

JamesMay the Skirmisher (Minotaur Fighter)          Turns: 1767, Time: 00:11:49

Health: 0/41       AC: 12    Str: 21    XL:     4   Next: 80%
Magic:  3/3        EV:  4    Int:  5    God:    Okawaru [......]
Gold:   89         SH:  9    Dex: 10    Spells: 0 memorised, 3 levels left

rFire  . . .     SeeInvis .     a - +0 long sword
rCold  . . .     Gourm    .     r - +0 plate armour
rNeg   . . .     Faith    .     c - +0 shield
rPois  .         Spirit   .     (helmet restricted)
rElec  .         Reflect  .     (no cloak)
rCorr  .         Harm     .     (no gloves)
MR     .....                    (no boots)
Stlth  ..........               (no amulet)
                                (no ring)
                                (no ring)

@: lethally poisoned (0 -> -4)
A: retaliatory headbutt, horns 2
a: Renounce Religion


You were on level 3 of the Dungeon.
You worshipped Okawaru.
Okawaru was noncommittal.
You were not hungry.

You visited 1 branch of the dungeon, and saw 3 of its levels.

You collected 89 gold pieces.

Inventory:

Hand Weapons
 a - a +0 long sword (weapon)
 m - a +0 hunting sling
 s - a +0 dagger
Missiles
 e - 37 stones (quivered)
Armour
 b - a +0 scale mail
 c - a +0 shield (worn)
 r - a +0 plate armour (worn)
Scrolls
 i - a scroll of fog {unknown}
 j - a scroll of random uselessness {unknown}
 p - a scroll of identify
 q - a scroll of remove curse
Potions
 d - a potion of might
 l - a potion of flight {unknown}
 n - a potion of heal wounds {unknown}
Comestibles
 f - 3 bread rations
 g - a chunk of flesh
 k - a slice of pizza
 o - 2 meat rations


   Skills:
 + Level 4.5 Fighting
 + Level 3.4 Long Blades
 + Level 1.4 Slings
 + Level 4.4 Armour
 + Level 0.4 Dodging
 + Level 4.3 Shields


You had 3 spell levels left.
You didn't know any spells.

Dungeon Overview and Level Annotations

Branches:
Dungeon (3/15)

Altars:
Okawaru


Innate Abilities, Weirdness & Mutations

You reflexively headbutt those who attack you in melee.
You have a pair of horns on your head.


Message History

You kill the orc!
Okawaru accepts your kill.
You feel yourself speed up.
* * * LOW HITPOINT WARNING * * *
You feel sick. You block the jackal's attack.
The jackal bites you but does no damage. x2
The kobold unwields an uncursed blowgun.
The kobold hits you.
* * * LOW HITPOINT WARNING * * *
The jackal bites you but does no damage.
You block the jackal's attack.
* * * LOW HITPOINT WARNING * * *
You feel sick. The kobold hits you.
* * * LOW HITPOINT WARNING * * *
The kobold wields an uncursed blowgun.
The kobold shoots a poisoned needle.
The poisoned needle barely misses you. The kobold hits you but does no damage.
* * * LOW HITPOINT WARNING * * *
You feel sick.
You hit the jackal but do no damage.
You die...

........# ..........
.........# .........#
....(....# .........#
.........#########+##
........@hKh.(.)....#
.......!#Khh)..()...###..
........#g......)........
...................)#....
....................'....
............#######....?.
............# ......
#######.....# ..⌠...
#.....# .....s


You could see 4 jackals, a hobgoblin and 2 kobolds.

Vanquished Creatures
  An orc priest (D:3)
  An orc wizard (D:3)
  2 adders (D:2)
  A worm (D:2)
  2 dart slugs (D:2)
  2 leopard geckos
  3 orcs (D:3)
  3 bats (D:1)
  2 giant cockroaches
  5 goblins
  A hobgoblin (D:1)
  3 jackals (D:1)
  3 kobolds
  4 frilled lizards
  7 rats
40 creatures vanquished.

Notes
Turn   | Place    | Note
-------+----------+-------------------------------------------
     0 | D:1      | JamesMay the Minotaur Fighter began the quest for the Orb.
     0 | D:1      | Reached XP level 1. HP: 19/19 MP: 0/0
   330 | D:1      | Reached XP level 2. HP: 27/27 MP: 1/1
  1269 | D:2      | Reached XP level 3. HP: 31/33 MP: 2/2
  1373 | D:2      | Found an iron altar of Okawaru.
  1463 | D:2      | Became a worshipper of Warmaster Okawaru
  1755 | D:3      | Reached XP level 4. HP: 19/41 MP: 3/3
  1762 | D:3      | Reached skill level 1 in Slings
  1764 | D:3      | HP: 2/41 [kobold (1)]
  1767 | D:3      | Succumbed to a kobold's poison

Skill      XL: |  1  2  3  4 |
---------------+-------------+-----
Fighting       | 4 |  4.5
Shields        | 4 |  4.3
Armour         | 4 |  4.4
Long Blades    | 3 |  3.4
Slings         | 1 |  1.4
Dodging        | |  0.4

Action                   |  1- 3 |  4- 6 || total
-------------------------+-------+-------++-------
Melee: Long sword        |    86 |     5 ||    91
       Headbutt          |    10 |     2 ||    12
       Hunting sling     |    10 |       ||    10
 Fire: Hunting sling     |    12 |       ||    12
Throw: Stone             |     4 |       ||     4
  Use: Scroll            |     2 |       ||     2
  Eat: Chunk             |     3 |       ||     3
Armor: Scale mail        |    29 |       ||    29
       Plate armour      |    28 |    28 ||    56
Dodge: Dodged            |    26 |     6 ||    32
Block: Shield            |    55 |    14 ||    69
       Rpst.: Long sword |    10 |       ||    10
